 Dungeon Crawl Stone Soup version 0.30-a0-341-g682706514a (webtiles) character file.

Game seed: 6920487489632038691

97 IdlyInterested the Vexing (level 4, 0/33 HPs)
             Began as a Demonspawn Wanderer on Nov 1, 2022.
             Slain by an orc
             ... wielding a +0 hand axe
              (7 damage)
             ... on level 3 of the Dungeon.
             The game lasted 00:08:53 (2426 turns).

IdlyInterested the Vexing (Demonspawn Wanderer)     Turns: 2426, Time: 00:08:54

Health: 0/33       AC:  2    Str: 12    XL:     4   Next: 42%
Magic:  2/7        EV:  9    Int: 15    God:
Gold:   145        SH: 16    Dex: 13    Spells: 6/7 levels left

rFire   . . .      SeeInvis .    l - +0 dagger (venom)
rCold   . . .      Faith    .    j - +0 kite shield
rNeg    . . .      Spirit   .    c - +0 robe
rPois   .          Reflect  +    (helmet restricted)
rElec   .          Harm     .    (no cloak)
rCorr   .          Rampage  .    (no gloves)
Will    .....                    (no boots)
Stlth   +.........               f - amulet of reflection
HPRegen 0.25/turn                (no ring)
MPRegen 0.10/turn                (no ring)

@: no status effects
A: antennae 1, condensation shield
a: no special abilities


You were on level 3 of the Dungeon.
You visited 1 branch of the dungeon, and saw 3 of its levels.

You collected 145 gold pieces.

Inventory:

Hand Weapons
 h - a +0 dagger
 i - a +0 mace
 l - a +0 dagger of venom (weapon)
 n - a +0 short sword
 p - a +1 rapier
Missiles
 s - 5 boomerangs
Armour
 c - a +0 robe (worn)
 e - a +0 ring mail
 j - a +0 kite shield (worn)
Jewellery
 f - an amulet of reflection (around neck)
Wands
 d - a wand of flame (5)
Scrolls
 k - a scroll of enchant weapon
 r - a scroll of fear {unknown}
Potions
 a - a potion of degeneration {unknown}
 b - 2 potions of lignification
 g - 3 potions of haste {unknown}
 m - a potion of resistance {unknown}
 o - a potion of magic {unknown}
 q - a potion of curing {unknown}
 u - a potion of mutation {unknown}


   Skills:
 * Level 2.1 Fighting
 * Level 0.2 Stealth
 - Level 2.0 Spellcasting
 * Level 5.6 Hexes
 - Level 1.0 Summonings
 - Level 3.0 Evocations


You had 6 spell levels left.
You knew the following spells:

 Your Spells              Type           Power      Damage    Failure   Level
a - Slow                  Hex            72%        N/A       8%          1

Your spell library contained the following spells:

 Spells                   Type           Power      Damage    Failure   Level
 Confusing Touch          Hex            18%        N/A       24%         3
 Summon Small Mammal      Summ           16%        N/A       47%         1
 Summon Guardian Golem    Hex/Summ       11%        N/A       52%         3
 Portal Projectile        Hex/Tloc       20%        N/A       58%         3
 Kiss of Death            Conj/Necr      4%         2d5       63%         1
 Call Canine Familiar     Summ           4%         N/A       85%         3
 Leda's Liquefaction      Hex/Erth       5%         N/A       94%         4
 Dispel Undead            Necr           1%         3d6       100%        4


Dungeon Overview and Level Annotations

Branches:
Dungeon (3/15)

Altars:
Trog


Innate Abilities, Weirdness & Mutations

You have a pair of small antennae on your head.
A meltable shield of frost defends you. (SH +4)


Message History

The orc seems to slow down.
You block the orc's attack.
Aiming: Slow (safe; 9% risk of failure)
Press: ? - help, Q - select action, (/) - cycle Shift-Dir - straight line, f - orc, p - orc
Aim: an orc, wielding a +0 hand axe (chance to affect: 68%)
The orc seems to slow down.
You block the orc's attack. x2
You hit the orc.
The orc is lightly wounded.
You block the orc's attack. The orc hits you with a +0 mace.
You hit the orc.
The orc is severely wounded.
The orc hits you with a +0 mace. The orc hits you with a +0 hand axe.
You block the orc's attack.
You hit the orc but do no damage.
The orc is poisoned.
The orc is severely wounded.
You kill the orc!
The orc priest calls upon Beogh to heal the orc.
The orc's wounds heal themselves!
The orc hits you with a +0 mace.
You hit the orc.
The orc is poisoned.
The orc is lightly wounded.
The orc closely misses you. The orc hits you with a +0 mace.
You hit the orc priest but do no damage.
The orc priest is poisoned.
You block the orc priest's attack.
The orc priest miscasts a cantrip.
The orc closely misses you.
You hit the orc priest.
The orc priest looks even sicker.
The orc priest is lightly wounded.
You kill the orc!
The orc priest barely misses you.
You closely miss the orc. The orc hits you with a +0 hand axe.
* * * LOW HITPOINT WARNING * * *
You block the orc priest's attack.
Your magical contamination has completely faded away.
You hit the orc.
The orc is moderately wounded.
The orc priest hits you with a +0 club.
* * * LOW HITPOINT WARNING * * *
The orc hits you with a +0 hand axe!
You die...

#.......########
#>......#.......
###........†#
#...........#
#.#.........#
#.#.......#.# #
#.......#.#
###.####.#....#
......)@.###..#
......oo..# ..#
###.#####.# ....
# .# ..### .# .#
..


You could see an orc priest (very poisoned) and an orc (slow).

Vanquished Creatures
  3 adders
  2 worms (D:3)
  3 dart slugs (D:1)
  4 orcs (D:3)
  3 ball pythons
  4 endoplasms
  2 giant cockroaches (D:2)
  4 goblins
  3 hobgoblins
  6 jackals (D:1)
  2 kobolds (D:1)
  2 quokkas (D:1)
  7 bats
  4 rats
49 creatures vanquished.

Vanquished Creatures (others)
  An orc (D:3)
  6 plants (D:1)
7 creatures vanquished.

Grand Total: 56 creatures vanquished

Notes
Turn   | Place    | Note
-------+----------+-------------------------------------------
     0 | D:1      | IdlyInterested the Demonspawn Wanderer began the quest for
                  | the Orb.
     0 | D:1      | IdlyInterested set off with the following items: a +0 club,
                  | a potion of lignification, a +0 robe, a wand of flame (5);
                  | and the following spells available to memorise: Slow,
                  | Summon Small Mammal, Summon Guardian Golem, Portal
                  | Projectile, Call Canine Familiar.
     0 | D:1      | Reached XP level 1. HP: 13/13 MP: 3/3
     9 | D:1      | Learned a level 1 spell: Slow
   197 | D:1      | Reached skill level 1 in Fighting
   200 | D:1      | Gained mutation: You have a pair of small antennae on your
                  | head. [demonic ancestry]
   200 | D:1      | Reached XP level 2. HP: 20/21 MP: 0/5
   549 | D:1      | Gained mutation: A meltable shield of frost defends you.
                  | (SH +4) [demonic ancestry]
   549 | D:1      | Reached XP level 3. HP: 19/27 MP: 4/6
  1078 | D:2      | Found a bloodstained altar of Trog.
  2185 | D:3      | Reached XP level 4. HP: 28/33 MP: 5/7
  2426 | D:3      | Slain by an orc

Illustrated notes

Levels and vault maps discovered:
D:1:      denvon_arrival_planthouse, layout_rooms, serial_bayou_lagoon_a
D:2:      layout_basic, basic_altar
D:3:      layout_loops_ring

Skill      XL: |  1  2  3 |
---------------+----------+-----
Fighting       | 1 2 |  2.1
Evocations     | 3 |  3.0
Stealth        | |  0.2
Spellcasting   | |  2.0
Hexes          | |  5.6
Summonings     | |  1.0

Action                   |  1- 3 |  4- 6 || total
-------------------------+-------+-------++-------
Melee: Club              |    14 |       ||    14
       Mace              |   121 |       ||   121
       Dagger            |    40 |    33 ||    73
 Cast: Slow              |    32 |     8 ||    40
  Use: Scroll            |     6 |       ||     6
 Stab: Sleeping          |     2 |       ||     2
Armor: Robe              |    36 |     1 ||    37
Dodge: Dodged            |    75 |    10 ||    85
Block: Other             |     8 |       ||     8
       Kite shield       |   120 |    18 ||   138
       Reflection        |     3 |       ||     3

Table legend: (Time is in decaauts)
 A = Elapsed time spent in this place.
 B = Non-inter-level travel time spent in this place.
 C = Inter-level travel time spent in this place.
 D = Time resting spent in this place.
 E = Time spent auto-exploring this place.
 F = Levels seen in this place.
 G = Mean time per level.
                   A        B        C        D        E       F      G
               +--------+--------+--------+--------+--------+-----+--------+
         Total |   2518 |   2245 |    273 |    239 |   1257 |   3 |  839.3 |
       Dungeon |   2518 |   2245 |    273 |    239 |   1257 |   3 |  839.3 |
               +--------+--------+--------+--------+--------+-----+--------+

Top non-repeatable levels by time:
     D:2: 1112 daAuts
     D:1: 1036 daAuts
     D:3: 369 daAuts
